 Dungeon Sprint DCSS version 0.22.1-2-g9c5b331 (console) character file.

315 erker the Shield-Bearer (level 6, -5/44 HPs)
             Began as a Gargoyle Fighter on Dec 13, 2018.
             Was a Believer of Cheibriados.
             Killed by divine providence
             ... invoked by a meliai
              (10 damage)
             ... in the Dungeon (Sprint IX: "|||||||||||||||||||||||||||||").
             The game lasted 00:02:09 (270 turns).

erker the Shield-Bearer (Gargoyle Fighter)           Turns: 270, Time: 00:02:10

Health: -5/44      AC: 16    Str: 27    XL:     6   Next: 44%
Magic:  6/6        EV: 10    Int: 13    God:    Cheibriados [**....]
Gold:   0          SH: 12    Dex: 14    Spells: 5/5 levels left

rFire    . . .     SeeInvis .   a - +2 morningstar (crush)
rCold    . . .     Gourm    .   c - +0 shield
rNeg     + . .     Faith    .   s - +1 scale mail
rPois    ∞         Spirit   .   (no helmet)
rElec    +         Reflect  .   q - +0 cloak
rCorr    .         Harm     .   r - +0 pair of gloves
MR       .....     NoTele   +   (no boots)
Stlth    ..........             (no amulet)
HPRegen  0.14/turn              (no ring)
MPRegen  0.10/turn              (no ring)

@: very slow
A: negative energy resistance 1, electricity resistance, unbreathing,
petrification resistance, rot immunity, AC +4
a: Bend Time, Renounce Religion


You were in the Dungeon.
You worshipped Cheibriados.
Cheibriados was pleased with you.
You were not hungry.

You visited 1 branch

Inventory:

Hand Weapons
 a - a +2 morningstar of crushing (weapon)
 p - a +0 flail
Armour
 c - a +0 shield (worn)
 q - a +0 cloak (worn)
 r - a +0 pair of gloves (worn)
 s - a +1 scale mail (worn)
Wands
 o - a wand of acid (9)
Scrolls
 k - 2 scrolls of blinking
 m - 3 scrolls of remove curse
 n - 2 scrolls of amnesia
Potions
 d - a potion of might
 e - 5 potions of curing
 g - 2 potions of heal wounds
 h - a potion of haste
 i - 4 potions of magic
 l - a potion of invisibility
Comestibles
 f - a ration


   Skills:
 + Level 7.2 Fighting
 * Level 7.5 Maces & Flails
 + Level 7.2 Armour
 * Level 2.5 Dodging
 + Level 7.5 Shields


You had 5 spell levels left.
You didn't know any spells.
Your spell library was empty.

Dungeon Overview and Level Annotations

Branches:
Dungeon (1/1)

Altars:
Cheibriados
Dithmenos
Elyvilon
Fedhas
Gozag
Hepliaklqana
Kikubaaqudgha
Makhleb
Nemelex Xobeh
Okawaru
Qazlal
Ru
Sif Muna
Trog
Uskayaw
Vehumet
Wu Jian
Xom
Yredelemnul
Zin
The Shining One
Beogh
Jiyva
Lugonu


Innate Abilities, Weirdness & Mutations

You are resistant to torment.
Your stone body is resilient. (AC +4)
You are immune to poison.
You resist negative energy. (rN+)
You are resistant to electric shocks. (rElec)
You can survive without breathing.
You are immune to petrification.
You are immune to rotting.


Message History

Evoke which item? (* to show all) (? for menu, Esc to quit)
Aiming: Corrosive Bolt
Press: ? - help, Shift-Dir - straight line, f - manticore
Aim: a manticore (moderately wounded)
The bolt of acid misses the manticore.
The bolt of acid hits the hungry ghost.
The hungry ghost is splashed with acid.
The acid corrodes the hungry ghost!
The hungry ghost is heavily damaged.
The bolt of acid hits the slime creature.
The slime creature is splashed with acid.
The acid corrodes the slime creature!
The slime creature is moderately wounded.
The meliai invokes the aid of its god against you.
Something smites you!
* * * LOW HITPOINT WARNING * * *
You block the manticore's attack. The manticore claws you!
* * * LOW HITPOINT WARNING * * *
The manticore barely misses you.
The meliai mumbles some strange prayers to its god against you.
Something smites you!
You die...

▓.▓
▓O▓
▓y▓
▓O▓
▓J▓
▓W▓
▓H▓
▓@▓
▓.▓
▓.▓
▓.▓
▓.▓
▓.▓
▓)▓
▓[▓
▓)▓


You could see a slime creature, a two-headed ogre, a manticore, a hungry ghost,
an ogre and a meliai.

Vanquished Creatures
  A phantom (D)
  A bullfrog (D)
  A crimson imp (D)
  A hound (D)
  An orc priest (D)
  An orc wizard (D)
  A worker ant (D)
  A shadow imp (D)
  A leopard gecko (D)
  A bat skeleton (D)
  A giant cockroach (D)
  2 hobgoblins (D)
  A kobold (D)
  A frilled lizard (D)
  A rat (D)
16 creatures vanquished.

Notes
Turn   | Place    | Note
-------+----------+-------------------------------------------
     0 | D        | erker the Gargoyle Fighter began the quest for the Orb.
     0 | D        | Reached XP level 1. HP: 14/14 MP: 1/1
    23 | D        | Noticed a phantom
    23 | D        | Noticed a worker ant
    23 | D        | Noticed a crimson imp
    26 | D        | Reached XP level 2. HP: 20/20 MP: 2/2
    33 | D        | Reached XP level 3. HP: 25/25 MP: 3/3
    58 | D        | Killed a phantom
    58 | D        | Reached skill level 5 in Maces & Flails
    58 | D        | Reached XP level 4. HP: 18/32 MP: 4/4
    58 | D        | Reached XP level 5. HP: 21/36 MP: 5/5
    73 | D        | Reached skill level 1 in Dodging
    89 | D        | Found a roughly hewn altar of Beogh.
    89 | D        | Found a snail-covered altar of Cheibriados.
    89 | D        | Found a shadowy altar of Dithmenos.
    89 | D        | Found a white marble altar of Elyvilon.
    89 | D        | Found a blossoming altar of Fedhas.
    89 | D        | Found an opulent altar of Gozag.
    90 | D        | Found a hazy altar of Hepliaklqana.
    91 | D        | Found a viscous altar of Jiyva.
    92 | D        | Found an ancient bone altar of Kikubaaqudgha.
    93 | D        | Became a worshipper of Cheibriados the Contemplative
    94 | D        | Found a corrupted altar of Lugonu.
    95 | D        | Found a burning altar of Makhleb.
    96 | D        | Found a sparkling altar of Nemelex Xobeh.
    97 | D        | Found an iron altar of Okawaru.
    98 | D        | Found a stormy altar of Qazlal.
    99 | D        | Found a sacrificial altar of Ru.
   100 | D        | Found a deep blue altar of Sif Muna.
   101 | D        | Found a bloodstained altar of Trog.
   102 | D        | Found a hide-covered altar of Uskayaw.
   103 | D        | Found a radiant altar of Vehumet.
   104 | D        | Found an ornate altar of the Wu Jian Council.
   105 | D        | Found a shimmering altar of Xom.
   106 | D        | Found a basalt altar of Yredelemnul.
   107 | D        | Found a glowing silver altar of Zin.
   108 | D        | Found a glowing golden altar of the Shining One.
   169 | D        | Reached * piety under Cheibriados
   169 | D        | Reached XP level 6. HP: 34/42 MP: 6/6
   177 | D        | Reached ** piety under Cheibriados
   267 | D        | Noticed a meliai
   267 | D        | Noticed a two-headed ogre
   267 | D        | Noticed a slime creature
   267 | D        | Noticed a hungry ghost
   267 | D        | Noticed a manticore
   270 | D        | Killed from afar by a meliai

Skill      XL: |  1  2  3  4  5  6 |
---------------+-------------------+-----
Fighting       | 4 6 7 |  7.2
Armour         | 4 6 7 |  7.2
Shields        | 4 6 7 |  7.5
Maces & Flails | 3 5 6 7 |  7.5
Dodging        | 2 |  2.5

Action                   |  1- 3 |  4- 6 || total
-------------------------+-------+-------++-------
Melee: Flail             |    41 |    11 ||    52
       Morningstar       |       |    21 ||    21
Evoke: Wand              |       |     1 ||     1
  Use: Potion            |     1 |     1 ||     2
Armor: Scale mail        |    29 |    24 ||    53
Dodge: Dodged            |    10 |     8 ||    18
Block: Shield            |    24 |    16 ||    40
